RL
DEATH VALLEY SCORPIONS @ NORFOLK CAPTAINS
06/03/2060
 
TOP OF THE 1ST
Death Valley Scorpions batting - Pitching for Norfolk Captains : RHP Brendan Snyder
Pitching: RHP Brendan Snyder
Batting: LHB Braxton Price 0-0: Ball
1-0: Ground out 4-3 (Groundball, 4S, EV 83.1 MPH)
Batting: LHB Al Ware 0-0: Ball
1-0: Swinging Strike
1-1: Swinging Strike
1-2: Strikes out looking
Batting: RHB Micah Lumsden 0-0: Called Strike
0-1: Foul Ball, location: 2F
0-2: Foul Ball, location: 2F
0-2: SINGLE (Groundball, 2R, EV 65.0 MPH) (infield hit)
Batting: LHB Gerald Guzman 0-0: Fly out, F2 (Popup, 2RF, EV 84.4 MPH)
Top of the 1st over - 0 runs, 1 hit, 0 errors, 1 left on base; Death Valley 0 - Norfolk 0
BOTTOM OF THE 1ST
Norfolk Captains batting - Pitching for Death Valley Scorpions : LHP Jakob Dawson
Pitching: LHP Jakob Dawson
Batting: RHB Devin Smyers 0-0: Ball
1-0: Called Strike
1-1: Ground out 4-3 (Groundball, 34, EV 103.8 MPH)
Batting: RHB Johnathon Beadles 0-0: Ball
1-0: Called Strike
1-1: Ball
2-1: Ground out 6-3 (Groundball, 6M, EV 80.6 MPH)
Batting: RHB Tucker Melichar 0-0: Fly out, F7 (Flyball, 7S, EV 86.2 MPH)
Bottom of the 1st over - 0 runs, 0 hits, 0 errors, 0 left on base; Death Valley 0 - Norfolk 0
TOP OF THE 2ND
Death Valley Scorpions batting - Pitching for Norfolk Captains : RHP Brendan Snyder
Batting: RHB Garrett Paul 0-0: Called Strike
0-1: Called Strike
0-2: Hit by Pitch
Batting: LHB Garett Vomacka 0-0: Ball
1-0: Called Strike
1-1: Foul Ball, location: 2F
1-2: SINGLE (Flyball, 8LS, EV 98.8 MPH)
Garrett Paul to second
Runner from 2nd tries for 3rd, SAFE, throw by CF made to third
Batting: LHB Gabe Graham 0-0: Called Strike
0-1: Called Strike
0-2: Strikes out looking
Batting: LHB Kyle Berryman 0-0: Fielders Choice at 2nd, 4-6 (Groundball, 34S, EV 81.9 MPH)
Garrett Paul scores
Batting: LHB Blaine Trout 0-0: Ball
Kyle Berryman steals 2nd base
1-0: Called Strike
1-1: Foul Ball, location: 2F
1-2: Ball
2-2: Strikes out looking
Top of the 2nd over - 1 run, 1 hit, 0 errors, 1 left on base; Death Valley 1 - Norfolk 0
BOTTOM OF THE 2ND
Norfolk Captains batting - Pitching for Death Valley Scorpions : LHP Jakob Dawson
Now in CF: Sherwin Erdenko
Batting: RHB Nick Edwards 0-0: Called Strike
0-1: Foul Ball, location: 2F
0-2: Foul Ball, location: 2F
0-2: SOLO HOME RUN (Flyball, 9D, EV 99.4 MPH), Distance : 373 ft
Batting: RHB Harrison Norwood 0-0: Called Strike
0-1: Swinging Strike
0-2: Ball
1-2: Ball
2-2: Ball
3-2: Base on Balls
Batting: RHB Kyle Lanier 0-0: Ball
1-0: Grounds into double play, 6-4-3 (Groundball, 6S, EV 88.8 MPH)
Batting: RHB Dave Gatewood 0-0: Called Strike
0-1: Swinging Strike
0-2: Foul Ball, location: 2F
0-2: Ball
1-2: Ball
2-2: Strikes out swinging
Bottom of the 2nd over - 1 run, 1 hit, 0 errors, 0 left on base; Death Valley 1 - Norfolk 1
TOP OF THE 3RD
Death Valley Scorpions batting - Pitching for Norfolk Captains : RHP Brendan Snyder
Batting: LHB Braxton Price 0-0: Called Strike
0-1: Swinging Strike
0-2: Ball
1-2: Ball
2-2: Fly out, F8 (Flyball, 8LS, EV 75.0 MPH)
Batting: LHB Al Ware 0-0: Ball
1-0: Ball
2-0: Swinging Strike
2-1: Ball
3-1: Base on Balls
Batting: RHB Micah Lumsden 0-0: Grounds into double play, 5-4-3 (Groundball, 56, EV 86.2 MPH)
Top of the 3rd over - 0 runs, 0 hits, 0 errors, 0 left on base; Death Valley 1 - Norfolk 1
BOTTOM OF THE 3RD
Norfolk Captains batting - Pitching for Death Valley Scorpions : LHP Jakob Dawson
Batting: RHB Charlie Battle 0-0: Ball
1-0: Ball
2-0: Called Strike
2-1: DOUBLE (Flyball, 8LXD, EV 101.2 MPH)
Batting: RHB Taylor Maciejewski 0-0: Foul Ball, location: 2F
0-1: Foul Ball, location: 2F
0-2: Strikes out swinging
Batting: RHB Devin Smyers 0-0: DOUBLE (Flyball, 8RD, EV 101.9 MPH)
Charlie Battle scores
Batting: RHB Johnathon Beadles 0-0: Ball
1-0: Ball
2-0: Ground out 6-3 (Groundball, 6S, EV 83.1 MPH)
Batting: RHB Tucker Melichar 0-0: Ball
1-0: Ball
2-0: Ball
3-0: Called Strike
3-1: Foul Ball, location: 2F
3-2: Foul Ball, location: 2F
3-2: Base on Balls
Batting: RHB Nick Edwards 0-0: Called Strike
0-1: Swinging Strike
0-2: Foul Ball, location: 2F
0-2: Ball
1-2: SINGLE (Line Drive, 4D, EV 94.4 MPH)
Devin Smyers to third
Tucker Melichar to second
Batting: RHB Harrison Norwood 0-0: Foul Ball, location: 2F
0-1: Ball
1-1: Called Strike
1-2: Foul Ball, location: 2F
1-2: Ground out U3 (Groundball, 23, EV 80.6 MPH)
Bottom of the 3rd over - 1 run, 3 hits, 0 errors, 3 left on base; Death Valley 1 - Norfolk 2
TOP OF THE 4TH
Death Valley Scorpions batting - Pitching for Norfolk Captains : RHP Brendan Snyder
Batting: LHB Gerald Guzman 0-0: Ball
1-0: Swinging Strike
1-1: Ground out 4-3 (Groundball, 4M, EV 85.6 MPH)
Batting: RHB Garrett Paul 0-0: Ball
1-0: Ball
2-0: Foul Ball, location: 2F
2-1: Ground out U3 (Groundball, 23, EV 91.9 MPH)
Batting: RHB Sherwin Erdenko 0-0: Ball
1-0: Called Strike
1-1: Foul Ball, location: 2F
1-2: Strikes out swinging
Top of the 4th over - 0 runs, 0 hits, 0 errors, 0 left on base; Death Valley 1 - Norfolk 2
BOTTOM OF THE 4TH
Norfolk Captains batting - Pitching for Death Valley Scorpions : LHP Jakob Dawson
Batting: RHB Kyle Lanier 0-0: Ball
1-0: Called Strike
1-1: Ball
2-1: Fly out, F8 (Flyball, 8LXD, EV 96.9 MPH)
Batting: RHB Dave Gatewood 0-0: DOUBLE (Flyball, 8LXD, EV 99.4 MPH)
Batting: RHB Charlie Battle 0-0: Ball
1-0: Ball
2-0: Ball
3-0: Called Strike
3-1: SINGLE (Flyball, 89S, EV 91.9 MPH)
Dave Gatewood to third
Batting: RHB Taylor Maciejewski 0-0: Ball
1-0: Called Strike
1-1: Fly out, F7 (Line Drive, 78M, EV 95.6 MPH)
Batting: RHB Devin Smyers 0-0: Ball
1-0: Ball
2-0: Ball
3-0: Called Strike
3-1: Fielders Choice at 2nd, 6-4 (Groundball, 6, EV 88.8 MPH)
Bottom of the 4th over - 0 runs, 2 hits, 0 errors, 2 left on base; Death Valley 1 - Norfolk 2
TOP OF THE 5TH
Death Valley Scorpions batting - Pitching for Norfolk Captains : RHP Brendan Snyder
Batting: LHB Gabe Graham 0-0: Swinging Strike
0-1: Swinging Strike
0-2: Ball
1-2: Fly out, F8 (Flyball, 8LD, EV 75.6 MPH)
Batting: LHB Kyle Berryman 0-0: Ball
1-0: Ball
2-0: Ball
3-0: Called Strike
3-1: Base on Balls
Batting: LHB Blaine Trout 0-0: Called Strike
0-1: Swinging Strike
0-2: Ball
1-2: Ball
2-2: Foul Ball, location: 2F
2-2: Foul Ball, location: 2F
2-2: SINGLE (Groundball, 4MD, EV 100.6 MPH)
Kyle Berryman to second
Pitching: LHP Karlus Ntawulikura
Batting: LHB Braxton Price 0-0: Ball
1-0: Ball
2-0: Swinging Strike
2-1: Ball
3-1: Fielders Choice at 2nd, 4-6 (Groundball, 4, EV 109.4 MPH)
Kyle Berryman to third
Pinch Hitting: RHB Mark Decoste 0-0: Called Strike
0-1: Called Strike
0-2: Ball
1-2: Fly out, F9 (Flyball, 9, EV 91.9 MPH)
Top of the 5th over - 0 runs, 1 hit, 0 errors, 2 left on base; Death Valley 1 - Norfolk 2
BOTTOM OF THE 5TH
Norfolk Captains batting - Pitching for Death Valley Scorpions : LHP Jakob Dawson
Now in RF: Devin Hawkins
Batting: RHB Johnathon Beadles 0-0: Foul Ball, location: 2F
0-1: Fly out, F9 (Flyball, 9S, EV 95.6 MPH)
Batting: RHB Tucker Melichar 0-0: Swinging Strike
0-1: Ball
1-1: DOUBLE (Line Drive, 89XD, EV 96.9 MPH)
Batting: RHB Nick Edwards 0-0: Foul Ball, location: 2F
0-1: Called Strike
0-2: Ball
1-2: Ball
2-2: Ball
3-2: Fly out, F7 (Flyball, 78D, EV 80.6 MPH)
Batting: RHB Harrison Norwood 0-0: Ball
1-0: Ball
2-0: Swinging Strike
2-1: Ball
3-1: Base on Balls
Batting: RHB Kyle Lanier 0-0: Called Strike
0-1: Ball
1-1: Foul Ball, location: 2F
1-2: Ball
2-2: 3-RUN HOME RUN (Flyball, 7D, EV 98.8 MPH), Distance : 380 ft
Batting: RHB Dave Gatewood 0-0: Called Strike
0-1: Ball
1-1: Ball
2-1: Ball
3-1: Foul Ball, location: 2F
3-2: Strikes out swinging
Bottom of the 5th over - 3 runs, 2 hits, 0 errors, 0 left on base; Death Valley 1 - Norfolk 5
TOP OF THE 6TH
Death Valley Scorpions batting - Pitching for Norfolk Captains : LHP Karlus Ntawulikura
Batting: RHB Micah Lumsden 0-0: Foul Ball, location: 2F
0-1: Ball
1-1: Foul Ball, location: 2F
1-2: Fly out, F9 (Flyball, 9, EV 90.6 MPH)
Batting: LHB Gerald Guzman 0-0: Ball
1-0: Called Strike
1-1: Foul Ball, location: 2F
1-2: Strikes out swinging
Batting: RHB Garrett Paul 0-0: Ball
1-0: Ball
2-0: Fly out, F3 (Popup, 34, EV 83.1 MPH)
Top of the 6th over - 0 runs, 0 hits, 0 errors, 0 left on base; Death Valley 1 - Norfolk 5
BOTTOM OF THE 6TH
Norfolk Captains batting - Pitching for Death Valley Scorpions : LHP Jakob Dawson
Pitching: RHP Benny Jacobson
Batting: RHB Charlie Battle 0-0: Ball
1-0: Called Strike
1-1: Ball
2-1: Called Strike
2-2: Ball
3-2: Fly out, F8 (Flyball, 8RS, EV 93.1 MPH)
Batting: RHB Taylor Maciejewski 0-0: Ball
1-0: Single, Error in OF, E7, batter to second base (Groundball, 56D, EV 96.9 MPH)
Batting: RHB Devin Smyers 0-0: Ball
1-0: Foul Ball, location: 2F
1-1: Swinging Strike
1-2: Foul Ball, location: 2F
1-2: Ball
2-2: Foul Ball, location: 2F
2-2: Ball
3-2: Base on Balls
Batting: RHB Johnathon Beadles 0-0: Called Strike
0-1: Foul Ball, location: 2F
0-2: Strikes out looking
Pitching: RHP Mohamed Bradley
Batting: RHB Tucker Melichar 0-0: Called Strike
0-1: Swinging Strike
0-2: Foul Ball, location: 2F
0-2: SINGLE (Flyball, 78S, EV 93.1 MPH)
Taylor Maciejewski to third
Devin Smyers to second
Batting: RHB Nick Edwards 0-0: Ground out 6-3 (Groundball, 56, EV 86.2 MPH)
Bottom of the 6th over - 0 runs, 2 hits, 1 error, 3 left on base; Death Valley 1 - Norfolk 5
TOP OF THE 7TH
Death Valley Scorpions batting - Pitching for Norfolk Captains : LHP Karlus Ntawulikura
Batting: RHB Sherwin Erdenko 0-0: Ball
1-0: Fly out, F9 (Flyball, 9, EV 92.5 MPH)
Batting: LHB Gabe Graham 0-0: Ball
1-0: Swinging Strike
1-1: Fly out, F4 (Line Drive, 4M, EV 62.5 MPH)
Batting: LHB Kyle Berryman 0-0: SINGLE (Line Drive, 6MD, EV 96.9 MPH)
Batting: LHB Blaine Trout 0-0: Called Strike
Kyle Berryman steals 2nd, throwing error, E2
Kyle Berryman to third
0-1: SINGLE (Flyball, 8RS, EV 99.4 MPH)
Kyle Berryman scores
Batting: LHB Braxton Price 0-0: Fly out, F7 (Flyball, 78M, EV 88.1 MPH)
Top of the 7th over - 1 run, 2 hits, 1 error, 1 left on base; Death Valley 2 - Norfolk 5
BOTTOM OF THE 7TH
Norfolk Captains batting - Pitching for Death Valley Scorpions : RHP Mohamed Bradley
Batting: RHB Harrison Norwood 0-0: Ball
1-0: Ball
2-0: Ball
3-0: Base on Balls
Batting: RHB Kyle Lanier 0-0: Reached on error, E5 (Groundball, 25, EV 43.8 MPH)
Harrison Norwood to third
Batting: RHB Dave Gatewood 0-0: Foul Ball, location: 2F
0-1: Fly out, F9 (Flyball, 89S, EV 89.4 MPH)
Batting: RHB Charlie Battle 0-0: Intentional Walk
Batting: RHB Taylor Maciejewski 0-0: Called Strike
0-1: Ball
1-1: SINGLE (Groundball, 34D, EV 93.8 MPH)
Harrison Norwood scores
Kyle Lanier to third
Charlie Battle to second
Batting: RHB Devin Smyers 0-0: Ball
1-0: Ball
2-0: Swinging Strike
2-1: Grounds into double play, 6-4-3 (Groundball, 6, EV 106.9 MPH)
Bottom of the 7th over - 1 run, 1 hit, 1 error, 2 left on base; Death Valley 2 - Norfolk 6
TOP OF THE 8TH
Death Valley Scorpions batting - Pitching for Norfolk Captains : LHP Karlus Ntawulikura
Batting: RHB Devin Hawkins 0-0: Called Strike
0-1: Hit by Pitch
Batting: RHB Micah Lumsden 0-0: Ball
1-0: Ball
2-0: Called Strike
2-1: Ball
3-1: Called Strike
3-2: Strikes out swinging
Batting: LHB Gerald Guzman 0-0: Foul Ball, location: 2F
0-1: Called Strike
0-2: Foul Ball, location: 2F
0-2: Ball
1-2: Strikes out swinging
Pitching: RHP Emery Whyte
Batting: RHB Garrett Paul 0-0: Called Strike
0-1: 2-RUN HOME RUN (Flyball, 78XD, EV 104.4 MPH), Distance : 425 ft
Batting: RHB Sherwin Erdenko 0-0: Ball
1-0: Called Strike
1-1: Fly out, F9 (Flyball, 9LS, EV 81.2 MPH)
Top of the 8th over - 2 runs, 1 hit, 0 errors, 0 left on base; Death Valley 4 - Norfolk 6
BOTTOM OF THE 8TH
Norfolk Captains batting - Pitching for Death Valley Scorpions : RHP Mohamed Bradley
Batting: RHB Johnathon Beadles 0-0: Ball
1-0: Ball
2-0: Ball
3-0: Base on Balls
Batting: RHB Tucker Melichar 0-0: Foul Ball, location: 2F
0-1: SINGLE (Flyball, 6MD, EV 83.8 MPH)
Johnathon Beadles to second
Batting: RHB Nick Edwards 0-0: Called Strike
0-1: Ball
1-1: 3-RUN HOME RUN (Flyball, 7LD, EV 101.2 MPH) (Inside the Park)
Batting: RHB Harrison Norwood 0-0: Foul Ball, location: 2F
0-1: SINGLE (Groundball, 6MD, EV 96.2 MPH)
Batting: RHB Kyle Lanier 0-0: Ball
1-0: Foul Ball, location: 2F
1-1: Ball
2-1: Ball
3-1: SINGLE (Groundball, 6S, EV 75.6 MPH) (infield hit)
Harrison Norwood to second
Batting: RHB Dave Gatewood 0-0: Foul Ball, location: 2F
0-1: 3-RUN HOME RUN (Line Drive, 78XD, EV 106.2 MPH), Distance : 414 ft
Pinch Hitting: RHB Griffin Kuhar 0-0: Called Strike
0-1: TRIPLE (Flyball, 78XD, EV 112.5 MPH)
Batting: RHB Taylor Maciejewski 0-0: Ball
1-0: Ball
2-0: Called Strike
2-1: Called Strike
2-2: Ball
3-2: Base on Balls
Batting: RHB Devin Smyers 0-0: Foul Ball, location: 2F
0-1: DOUBLE (Line Drive, 9LM, EV 107.5 MPH)
Griffin Kuhar scores
Taylor Maciejewski to third
Pitching: RHP Tyner Tahiri
Pinch Hitting: RHB Milton Bailey 0-0: Called Strike
0-1: Called Strike
0-2: Strikes out swinging
Batting: RHB Tucker Melichar 0-0: Called Strike
0-1: Ball
1-1: Swinging Strike
1-2: Strikes out swinging
Batting: RHB Nick Edwards 0-0: Ball
1-0: Foul Ball, location: 2F
1-1: Called Strike
1-2: Ball
2-2: DOUBLE (Groundball, 5L, EV 97.5 MPH)
Taylor Maciejewski scores
Devin Smyers scores
Batting: RHB Harrison Norwood 0-0: Ball
1-0: Called Strike
1-1: Ball
2-1: Foul Ball, location: 2F
2-2: Strikes out swinging
Bottom of the 8th over - 9 runs, 8 hits, 0 errors, 1 left on base; Death Valley 4 - Norfolk 15
TOP OF THE 9TH
Death Valley Scorpions batting - Pitching for Norfolk Captains : RHP Emery Whyte
Now at 2B: Griffin Kuhar
Now in RF: Logan Bouland
Pinch Hitting: RHB Brian Arthur 0-0: Ball
1-0: Foul Ball, location: 2F
1-1: Called Strike
1-2: Foul Ball, location: 2F
1-2: Ground out 6-3 (Groundball, 6, EV 88.8 MPH)
Pinch Hitting: LHB Lester Anuhea 0-0: Ground out 1-3 (Groundball, 13S, EV 76.2 MPH)
Batting: LHB Blaine Trout 0-0: Ball
1-0: Foul Ball, location: 2F
1-1: Foul Ball, location: 2F
1-2: Foul Ball, location: 2F
1-2: Foul Ball, location: 2F
1-2: Ball
2-2: Ball
3-2: Foul Ball, location: 2F
3-2: Foul Ball, location: 2F
3-2: Foul Ball, location: 2F
3-2: Strikes out swinging
Top of the 9th over - 0 runs, 0 hits, 0 errors, 0 left on base; Death Valley 4 - Norfolk 15
Sunday, May 5th , 2024 - OOTP Baseball 23.10 Build 110